 Dungeon Sprint DCSS version 0.30-a0-867-g305f33218d (webtiles) character file.

Game seed: 1536898824481987732

1537 dialectric the Imperceptible (level 8, -7/55 HPs)
             Began as an Octopode Brigand on Mar 10, 2023.
             Was an Initiate of Jiyva.
             Mangled by Menkaure (19 damage)
             ... in the Dungeon (Sprint II: "The Violet Keep of Menkaure").
             The game lasted 00:02:30 (353 turns).

dialectric the Imperceptible (Octopode Brigand)      Turns: 353, Time: 00:02:31

Health: -7/55      AC:  1    Str: 11      XL:     8   Next: 86%
Magic:  8/8        EV: 13    Int: 10 (11) God:    Jiyva [......]
Gold:   733        SH:  0    Dex: 15      Spells: 7/7 levels left

rFire   . . .      SeeInvis .    e - +3 rapier (venom)
rCold   . . .      Faith    .    (no shield)
rNeg    . . .      Spirit   .    (helmet restricted)
rPois   .          Reflect  .    (no amulet)
rElec   .          Rampage  .    (no ring)
rCorr   .          NoTele   +    (no ring)
Will    .....                    (no ring)
Stlth   ++++++++++               (no ring)
HPRegen 0.29/turn                (no ring)
MPRegen 0.11/turn                (no ring)
                                 (no ring)
                                 (no ring)

@: on berserk cooldown, slowed, very slow
A: almost no armour, amphibious, 8 rings, camouflage 1, gelatinous body 1,
(nimble swimmer 1), tentacles, dopey 1
a: Renounce Religion


You were in the Dungeon.
You worshipped Jiyva.
Jiyva was noncommittal.
You visited 1 branch You collected 972 gold pieces.
You spent 239 gold pieces at shops.

Inventory:

Hand Weapons
 a - a +2 dagger
 e - a +3 rapier of venom (weapon)
Missiles
 b - 9 poisoned darts
 c - 2 curare-tipped darts (quivered)
Scrolls
 i - a scroll of blinking
Potions
 f - a potion of haste
 g - 2 potions of magic


   Skills:
 + Level 5.2 Fighting
 + Level 4.8 Short Blades
 - Level 2.0 Throwing
 + Level 2.1 Dodging
 * Level 24.2 Stealth


You had 7 spell levels left.
You didn't know any spells.
Your spell library was empty.

Dungeon Overview and Level Annotations

Branches:
Dungeon (1/1)

Altars:
Cheibriados
Dithmenos
Elyvilon
Fedhas
Gozag
Hepliaklqana
Kikubaaqudgha
Makhleb
Nemelex Xobeh
Okawaru
Qazlal
Ru
Sif Muna
Trog
Uskayaw
Vehumet
Wu Jian
Xom
Yredelemnul
Zin
The Shining One
Jiyva
Lugonu

Shops:
D !:[!(!(:[=*=:?=

Annotations:
D exclusions: oklob plant and orange crystal statue, Menkaure


Innate Abilities, Weirdness & Mutations

You cannot wear most types of armour.
You are amphibious.
You can wear up to eight rings at the same time.
Your skin changes colour to match your surroundings (Stealth+).
Your rubbery body absorbs attacks. (AC +1, EV +1)
((You are camouflaged when in or above water. (Stealth+)))
You have tentacles for arms and can constrict up to eight enemies at once.
You are dopey. (Int -2)


Message History

Menkaure is nearby!
Menkaure is nearby!
You hear a distant slurping noise.
You feel your anger nearly subside.
You are no longer berserk.
You are exhausted.
You feel yourself slow down.
You hear a distant slurping noise.
You hear a distant slurping noise.
The neqoxec fails to trigger a net trap.
You hear a distant slurping noise.
There are monsters nearby!
Unknown command.
You hear a distant slurping noise.
You hear a distant slurping noise.
The neqoxec gestures at you.
Strange energies course through your body.
You feel stupid.
Unknown command.
You hit the neqoxec but do no damage. You grab the neqoxec.
You squeeze the neqoxec, but do no damage.
The neqoxec is severely wounded.
You constrict the neqoxec, but do no damage.
Menkaure fails to trigger a net trap.
The neqoxec hits you!
* * * LOW HITPOINT WARNING * * *
You hear a distant slurping noise.
You hit the neqoxec. You squeeze the neqoxec.
The neqoxec is almost dead.
You constrict the neqoxec.
You kill the neqoxec!
Menkaure casts a spell.
Menkaure seems to speed up.
Menkaure closely misses you. Menkaure barely misses you.
Unknown command.
You closely miss Menkaure. You grab Menkaure.
Menkaure is moderately damaged.
You constrict Menkaure. Menkaure hits you!
* * * LOW HITPOINT WARNING * * *
You hear a distant slurping noise. x2
You feel better.
You constrict Menkaure. Menkaure hits you!!
You die...

§§§§§≈§ ...# ''§#'§ ...# .....
..# .##'##.. #.# ##...##.####
+.### #..##.# ...# #...#
####.####..## ##..# c# $!)
###'###.##..# +..# y#▓[[!??!!
.##.##...#..# #@.# h#▓[??!!!$(
#+.<.'.#.'..####M.##.#▓$$$$!$$)
.##.##.).#....###^^.##▓▓▓▓▓▓▓+▓
###'###.##......~~~~~~~~~~~~~.
###.#####~~.....§#'########§###
#..#.†#~~~~~~~..~#._._._..#§~§#
##.#.##~~~~~~3~.~#.._._._.#§~§≈
°##+##§~~≈§§§~~~~#._._._._#§§~§
§○ ~~~~~§≈≈§§~~÷#_._._._.#§~S§


You could see Menkaure (fast).

Vanquished Creatures
  A boulder beetle (D)
  A merfolk siren (D)
  3 neqoxecs (D)
  A water moccasin (D)
  4 scorpions (D)
10 creatures vanquished.

Vanquished Creatures (others)
  A shining eye (D)
  A cane toad (D)
  A wyvern (D)
  A water moccasin (D)
4 creatures vanquished.

Grand Total: 14 creatures vanquished

Notes
Turn   | Place    | Note
-------+----------+-------------------------------------------
     0 | D        | dialectric the Octopode Brigand began the quest for the
                  | Orb.
     0 | D        | Reached XP level 1. HP: 14/14 MP: 1/1
     1 | D        | Noticed a boulder beetle
     1 | D        | Noticed a boulder beetle
     4 | D        | Noticed a neqoxec
    11 | D        | Killed a neqoxec
    12 | D        | Reached skill level 13 in Stealth
    12 | D        | Reached XP level 2. HP: 2/21 MP: 2/2
    12 | D        | Reached XP level 3. HP: 2/26 MP: 3/3
    12 | D        | Reached XP level 4. HP: 3/31 MP: 4/4
    12 | D        | Reached XP level 5. HP: 3/36 MP: 5/5
    79 | D        | Killed a water moccasin
   137 | D        | Noticed a merfolk siren
   137 | D        | Noticed a neqoxec
   140 | D        | Killed a merfolk siren
   141 | D        | Reached skill level 19 in Stealth
   141 | D        | Reached XP level 6. HP: 43/43 MP: 6/6
   141 | D        | Reached XP level 7. HP: 48/48 MP: 7/7
   150 | D        | Reached skill level 20 in Stealth
   155 | D        | Reached skill level 21 in Stealth
   166 | D        | Killed a boulder beetle
   167 | D        | Reached skill level 5 in Fighting
   167 | D        | Reached skill level 23 in Stealth
   167 | D        | Reached XP level 8. HP: 25/55 MP: 8/8
   170 | D        | Found Kiuc's Book Emporium.
   170 | D        | Found Vafyceic's Jewellery Emporium.
   170 | D        | Found Uhelyes's Jewellery Shoppe.
   170 | D        | Found Gucwasm's Magic Scroll Shoppe.
   170 | D        | Found Nagut's Assorted Antiques.
   170 | D        | HP: 2/55 [boulder beetle (15)]
   171 | D        | Found Ythicil's Jewellery Shoppe.
   171 | D        | Found Hifus's Antique Armour Emporium.
   171 | D        | Found Vefitriatz's Book Shoppe.
   172 | D        | Found Hikhlic's Antique Weapon Emporium.
   172 | D        | Found Ovefyame's Distillery.
   172 | D        | Found Gearrumi's Weapon Shoppe.
   172 | D        | Noticed a wyvern
   174 | D        | Found Vureurat's Distillery.
   174 | D        | Found Muprut's Antique Armour Emporium.
   174 | D        | Noticed a wyvern
   174 | D        | Noticed an oklob plant
   176 | D        | Found Otsuppo's Distillery.
   176 | D        | Found Zivaq's Book Shoppe.
   272 | D        | Bought a +3 rapier of venom for 239 gold pieces
   294 | D        | Noticed an orange crystal statue
   312 | D        | Found a glowing silver altar of Zin.
   313 | D        | Found a glowing golden altar of the Shining One.
   313 | D        | Found a basalt altar of Yredelemnul.
   313 | D        | Found a hide-covered altar of Uskayaw.
   314 | D        | Found a shimmering altar of Xom.
   314 | D        | Found a bloodstained altar of Trog.
   315 | D        | Found an ornate altar of the Wu Jian Council.
   315 | D        | Found a shimmering blue altar of Sif Muna.
   315 | D        | Found a corrupted altar of Lugonu.
   315 | D        | Found a radiant altar of Vehumet.
   315 | D        | Found a burning altar of Makhleb.
   316 | D        | Found a sacrificial altar of Ru.
   316 | D        | Found an ancient bone altar of Kikubaaqudgha.
   316 | D        | Found a white marble altar of Elyvilon.
   317 | D        | Found a stormy altar of Qazlal.
   317 | D        | Found a viscous altar of Jiyva.
   317 | D        | Found a shadowy altar of Dithmenos.
   318 | D        | Found a hazy altar of Hepliaklqana.
   318 | D        | Found a snail-covered altar of Cheibriados.
   319 | D        | Found a sparkling altar of Nemelex Xobeh.
   319 | D        | Found a blossoming altar of Fedhas.
   319 | D        | Noticed Menkaure
   320 | D        | Found an opulent altar of Gozag.
   320 | D        | Found an iron altar of Okawaru.
   325 | D        | Became a worshipper of Jiyva Jecredgh the Shapeless
   329 | D        | Noticed a yaktaur
   329 | D        | Noticed a hornet
   329 | D        | Noticed a polar bear
   340 | D        | Killed a cane toad
   342 | D        | Reached skill level 24 in Stealth
   342 | D        | Killed a shining eye
   348 | D        | Gained mutation: You are dopey. (Int -2) [a neqoxec]
   351 | D        | Killed a wyvern
   353 | D        | Mangled by Menkaure

Illustrated notes

Levels and vault maps discovered:
D:        the_violet_keep_of_menkaure [sprint2_stairs_cluster_1,
          sprint2_shoproom, sprint2_temple, sprint2_basic_supplies,
          sprint2_obstacle_5, sprint2_obstacle_3, sprint2_obstacle_4,
          sprint2_obstacle_2, sprint2_obstacle_1, sprint2_timed_cluster_1,
          sprint2_smallroom_cluster_1, sprint2_smallroom_final_cluster_1,
          sprint2_transparent_cluster_1, sprint2_second_timed_cluster_1,
          sprint2_sniper_area_1, sprint2_heavy_combat_area_1,
          sprint2_mutation_trap_area_1, sprint2_forest_area_1,
          sprint2_light_combat_area_1, sprint2_behind_water_1,
          sprint2_near_end_vault_1]

Skill      XL: |  1  2  3  4  5  6  7  8 |
---------------+-------------------------+-----
Fighting       | 3 4 5 |  5.2
Stealth        | 13 19 23 24 | 24.2
Short Blades   | 3 4 |  4.8
Dodging        | 2 |  2.1
Throwing       | |  2.0

Action                     |  1- 3 |  4- 6 |  7- 9 || total
---------------------------+-------+-------+-------++-------
  Melee: Dagger            |     5 |     1 |    10 ||    16
         Tentacles         |     2 |       |     5 ||     7
         Constrict         |     1 |       |     4 ||     5
         Rapier            |       |       |     8 ||     8
  Throw: Dart              |       |       |     2 ||     2
    Use: Potion            |       |       |     3 ||     3
   Stab: Sleeping          |     1 |     1 |     5 ||     7
 Armour: Skin              |       |       |     1 ||     1
  Dodge: Dodged            |     1 |       |     9 ||    10

Table legend: (Time is in decaauts)
 A = Elapsed time spent in this place.
 B = Non-inter-level travel time spent in this place.
 C = Inter-level travel time spent in this place.
 D = Time resting spent in this place.
 E = Time spent auto-exploring this place.
 F = Levels seen in this place.
 G = Mean time per level.
                   A        B        C        D        E       F      G
               +--------+--------+--------+--------+--------+-----+--------+
         Total |    349 |    349 |      0 |    121 |     73 |   1 |  349.0 |
       Dungeon |    349 |    349 |      0 |    121 |     73 |   1 |  349.0 |
               +--------+--------+--------+--------+--------+-----+--------+

Top non-repeatable levels by time:
       D: 349 daAuts
